[Event "Titled Tuesday Blitz May 16 Early 2023"]
[White "Gurevich, Dmitry"]
[Black "SashaKuzhilniy"]
[WhiteFideId "2000407"]
[WhiteElo "2506"]
[BlackElo "2599"]
[Result "1/2-1/2"]
[Round "11"]
[TimeControl "180+2"]
[Date "2023.05.16"]
[WhiteClock "0:00:15"]
[BlackClock "0:00:39"]

1. d4 Nf6 2. c4 e5 3. dxe5 Ng4 4. Bf4 Nc6 5. Nf3 Bb4+ 6. Nc3 Bxc3+ 7. bxc3 Qe7 8. Qd5 f6 9. exf6 Nxf6 10. Qd3 O-O 11. g3 d6 12. Bg2 Re8 13. O-O Qxe2 14. Qxe2 Rxe2 15. Nd4 Nxd4 16. cxd4 Be6 17. Bxb7 Rb8 18. Bf3 Rc2 19. c5 Nd5 20. Bxd5 Bxd5 21. cxd6 cxd6 22. Bxd6 Rbb2 23. Ba3 Rxa2 24. Rxa2 Rxa2 25. Bc5 a5 26. h4 Bf3 27. Kh2 h5 28. g4 Bxg4 29. Kg3 a4 30. f3 Be6 31. Re1 Kf7 32. Rb1 Bd5 33. Kf4 Rf2 34. Ke5 Bxf3 35. d5 Re2+ 36. Kd6 Rd2 37. Rb7+ Kg6 38. Rb6 Rxd5+ 39. Ke7+ Kf5 40. Ba3 Rd3 41. Bb2 Kg4 42. Rb4+ Kg3 43. Rxa4 g6 44. Kf6 Rd6+ 45. Kg5 Rc6 46. Be5+ Kg2 47. Ra2+ Kf1 48. Ra1+ Ke2 49. Ra2+ Kd1 50. Bf6 Be4 51. Ra4 Bf5 52. Rf4 Bd3 53. Rd4 Ke2 54. Rd5 Be4 55. Ra5 Kd3 56. Ra3+ Kc4 57. Ra4+ Kd3 58. Ra3+ Ke2 59. Ra2+ Kd3 60. Ra3+ 1/2-1/2


[Site "https://www.chess.com"]

[Event "Titled Tuesday Blitz May 16 Early 2023"]
[White "Cezila Jr, Rubens"]
[Black "bubeliang"]
[WhiteFideId "2116723"]
[WhiteElo "2214"]
[BlackElo "2611"]
[Result "1-0"]
[Round "11"]
[TimeControl "180+2"]
[Date "2023.05.16"]
[WhiteClock "0:00:10"]
[BlackClock "0:00:06"]

1. c4 Nf6 2. Nc3 g6 3. g3 Bg7 4. Bg2 O-O 5. e4 d6 6. h4 c5 7. d3 h5 8. Bg5 Nc6 9. Nge2 Nh7 10. Be3 Nd4 11. Qd2 e5 12. f4 Nf6 13. fxe5 dxe5 14. Bg5 Qd6 15. Nd5 Nxd5 16. cxd5 Bg4 17. Nxd4 cxd4 18. O-O Kh7 19. Qf2 f5 20. exf5 gxf5 21. Qc2 Rac8 22. Qb3 b6 23. Qa4 Rc7 24. Rac1 Rfc8 25. Rc6 Rxc6 26. dxc6 e4 27. dxe4 Qxg3 28. Bf4 Qxh4 29. Qxa7 Rxc6 30. exf5 Rc2 31. Be4 Qf6 32. Bxc2 d3 33. Bxd3 Qd4+ 34. Rf2 Kg8 35. Qa8+ Bf8 36. Qe4 Qxe4 37. Bxe4 Bc5 38. Kg2 Bxf2 39. Kxf2 Kf7 40. Bc7 b5 41. b4 Kf6 42. Bc6 Bxf5 43. Bxb5 Ke6 44. Bc6 h4 45. b5 Bd3 46. b6 Ba6 47. b7 Bxb7 48. Bxb7 Kd7 49. Bb8 Kd8 50. a4 Kd7 51. a5 h3 52. a6 h2 53. Bxh2 Ke6 54. a7 Kf5 55. a8=B Kg4 56. Bf3+ Kf5 57. Ke3 Ke6 58. Bae4 Kf6 59. Kf4 Ke6 60. Bg4+ Kd6 61. Bg1 Kc7 62. Ke5 Kd8 63. Kd6 Ke8 64. Bd4 Kf8 65. Be6 Ke8 66. Bg6+ Kf8 67. Bgf5 Ke8 68. Ke5 Kf8 69. Kf6 Ke8 70. Bb6 Kf8 71. Bd7 Kg8 72. Kg6 Kf8 73. Bc5+ Kg8 74. Bfe6+ Kh8 75. Bd4# 1-0


[Site "https://www.chess.com"]

[Event "Titled Tuesday Blitz May 16 Early 2023"]
[White "Koepke, Christian"]
[Black "wqws"]
[WhiteFideId "4655737"]
[WhiteElo "2204"]
[BlackElo "2605"]
[Result "0-1"]
[Round "11"]
[TimeControl "180+2"]
[Date "2023.05.16"]
[WhiteClock "0:00:03"]
[BlackClock "0:01:40"]

1. e4 c5 2. f4 d5 3. Bb5+ Bd7 4. Bxd7+ Qxd7 5. d3 Nc6 6. Nf3 dxe4 7. dxe4 Qxd1+ 8. Kxd1 O-O-O+ 9. Ke2 e5 10. fxe5 Re8 11. Bf4 Nge7 12. Nc3 h6 13. Rhd1 g5 14. Bg3 Ng6 15. Rd5 g4 16. Nh4 Nd4+ 17. Kf1 Nxc2 18. Re1 Nxe1 19. Kxe1 Nxh4 20. Bxh4 Be7 21. Bg3 h5 22. Ke2 Rd8 23. Ke3 Rxd5 24. exd5 Kd7 25. b3 f5 26. Ne2 h4 27. e6+ Kc8 28. Be5 Rd8 29. Nf4 Bg5 30. e7 Bxe7 31. Kd3 Bg5 32. Kc4 Bxf4 33. Bxf4 b6 34. d6 Kd7 35. Kd5 Re8 36. Be5 h3 37. gxh3 gxh3 38. a4 Rg8 39. Bf4 Rg2 40. Ke5 Rb2 41. Kxf5 Rxb3 42. Kg4 Ra3 43. Bg3 Rxa4+ 44. Kxh3 Rd4 45. Kg2 Rxd6 46. Bxd6 Kxd6 47. Kf3 Ke5 48. Kg4 c4 49. h4 c3 50. h5 c2 51. h6 c1=Q 0-1


[Site "https://www.chess.com"]

[Event "Titled Tuesday Blitz May 16 Early 2023"]
[White "Bodnaruk, Anastasia"]
[Black "Koutsin, Sergey"]
[WhiteFideId "4181751"]
[BlackFideId "14101483"]
[WhiteElo "2304"]
[BlackElo "2381"]
[Result "1-0"]
[Round "11"]
[TimeControl "180+2"]
[Date "2023.05.16"]
[WhiteClock "0:01:37"]
[BlackClock "0:01:54"]

1. e4 e6 2. d4 d5 3. e5 c5 4. c3 Nc6 5. Nf3 Qb6 6. a3 Nh6 7. b4 cxd4 8. cxd4 Nf5 9. Bb2 Bd7 10. Be2 Be7 11. g4 Nh6 12. h3 f6 13. Nc3 fxe5 14. dxe5 O-O 15. O-O Be8 16. b5 Na5 17. Nd4 Bg5 18. Na4 Qd8 19. Nxe6 Qe7 20. Nxf8 Qxf8 21. Qxd5+ Kh8 22. f4 Bxf4 23. Qf3 g5 24. e6+ Kg8 25. Qc3 1-0


[Site "https://www.chess.com"]

[Event "Titled Tuesday Blitz May 16 Early 2023"]
[White "Colbow, Collin"]
[Black "Sargissyan, Sargis"]
[WhiteFideId "16201132"]
[BlackFideId "13303210"]
[WhiteElo "2351"]
[BlackElo "2109"]
[Result "1-0"]
[Round "11"]
[TimeControl "180+2"]
[Date "2023.05.16"]
[WhiteClock "0:00:32"]
[BlackClock "0:00:00"]

1. d4 Nf6 2. Nc3 d5 3. Bf4 a6 4. e3 c5 5. g4 Bxg4 6. f3 Bf5 7. dxc5 e6 8. e4 Bg6 9. exd5 exd5 10. Qe2+ Be7 11. O-O-O O-O 12. Nxd5 Nxd5 13. Qc4 Bg5 14. Nh3 Nxf4 15. Rxd8 Nxh3+ 16. f4 Bxf4+ 17. Kb1 Rxd8 18. Bxh3 Be5 19. Qe2 Nc6 20. Bg2 Re8 21. Re1 Nd4 22. Qxe5 Rxe5 23. Rxe5 Nc6 24. Re3 Rd8 25. Kc1 Kf8 26. Rb3 Rd7 27. Rb6 Rc7 28. b4 Ke7 29. a4 Bf5 30. Kd2 g5 31. c4 Bc8 32. Kc3 f5 33. b5 axb5 34. cxb5 Nd8 35. Kb4 Ne6 36. c6 bxc6 37. Bxc6 f4 38. a5 g4 39. a6 f3 40. Rb8 f2 41. Bg2 Nd4 42. b6 Rc6 43. a7 Bb7 44. Rxb7+ 1-0


[Site "https://www.chess.com"]

[Event "Titled Tuesday Blitz May 16 Early 2023"]
[White "Zemlyanskii, Ivan"]
[Black "Goltseva, Ekaterina"]
[WhiteFideId "24249971"]
[BlackFideId "24173770"]
[WhiteElo "2421"]
[BlackElo "2114"]
[Result "1-0"]
[Round "11"]
[TimeControl "180+2"]
[Date "2023.05.16"]
[WhiteClock "0:00:21"]
[BlackClock "0:00:00"]

1. d4 d5 2. Bf4 Nf6 3. e3 c5 4. c3 Nc6 5. Nf3 cxd4 6. exd4 Bg4 7. Nbd2 e6 8. Qb3 Bd6 9. Bxd6 Qxd6 10. Bd3 O-O 11. O-O Rab8 12. a4 a6 13. a5 Qc7 14. Qa3 Nh5 15. h3 Nf4 16. Bc2 Bh5 17. g3 Ne2+ 18. Kg2 Ncxd4 19. Bxh7+ Kxh7 20. cxd4 Nf4+ 21. gxf4 Qxf4 22. Qe3 Qf6 23. Qg5 Qxg5+ 24. Nxg5+ Kg6 25. Ngf3 f6 26. Rfe1 Kf7 27. Nb3 Rfe8 28. Nc5 e5 29. dxe5 Bxf3+ 30. Kxf3 fxe5 31. Nd7 e4+ 32. Kg3 Rbc8 33. Rad1 Ke6 34. Nb6 Rc5 35. f3 Ke5 36. Nd7+ Kd6 37. Nxc5 Kxc5 38. fxe4 dxe4 39. Kf4 e3 40. Rxe3 1-0


[Site "https://www.chess.com"]

[Event "Titled Tuesday Blitz May 16 Early 2023"]
[White "Yelisieiev, Yevhenii"]
[Black "Preotu, Razvan"]
[WhiteFideId "14139642"]
[BlackFideId "2613280"]
[WhiteElo "2403"]
[BlackElo "2407"]
[Result "0-1"]
[Round "11"]
[TimeControl "180+2"]
[Date "2023.05.16"]
[WhiteClock "0:00:02"]
[BlackClock "0:00:03"]

1. d4 Nf6 2. Nf3 g6 3. g3 Bg7 4. Bg2 O-O 5. O-O d5 6. c3 a5 7. a4 c5 8. dxc5 Na6 9. Na3 Nxc5 10. Nb5 Bd7 11. Bf4 Rc8 12. Ne5 Bxb5 13. axb5 Qb6 14. b4 axb4 15. cxb4 Nce4 16. Qd3 Rc3 17. Be3 Qe6 18. Qd4 Rfc8 19. Nd3 Ng4 20. Qb6 Nxe3 21. Qxe6 fxe6 22. fxe3 Bh6 23. Nf4 Rxe3 24. Ra7 Bxf4 25. Rxf4 Rxe2 26. Bxe4 dxe4 27. Rxb7 Rc1+ 28. Rf1 Rcc2 29. Rd1 Rg2+ 30. Kf1 Rxh2 31. Kg1 Rcg2+ 32. Kf1 Rb2 33. Kg1 e3 34. Rxe7 Rbg2+ 35. Kf1 e2+ 36. Ke1 Rg1+ 37. Kd2 exd1=Q+ 38. Kc3 Rc2+ 39. Kb3 Qd3+ 40. Ka4 Ra1# 0-1


[Site "https://www.chess.com"]

[Event "Titled Tuesday Blitz May 16 Early 2023"]
[White "Hua, Lefong"]
[Black "SereneSalmon"]
[WhiteFideId "2602253"]
[WhiteElo "2651"]
[BlackElo "2504"]
[Result "1-0"]
[Round "11"]
[TimeControl "180+2"]
[Date "2023.05.16"]
[WhiteClock "0:00:29"]
[BlackClock "0:00:11"]

1. d4 Nf6 2. c4 e6 3. Nc3 Bb4 4. f3 c5 5. a3 Bxc3+ 6. bxc3 Nc6 7. e4 d6 8. Be3 b6 9. Bd3 O-O 10. Ne2 Ba6 11. Ng3 Na5 12. Qe2 Rc8 13. Rc1 cxd4 14. cxd4 e5 15. d5 Nb3 16. Rc3 Nc5 17. O-O Nfd7 18. Nf5 Nxd3 19. Qxd3 Nc5 20. Qe2 g6 21. Nh6+ Kg7 22. g4 f6 23. Rfc1 Qd7 24. h4 Nb7 25. h5 Na5 26. Qh2 Rh8 27. g5 f5 28. exf5 gxf5 29. Qh3 Rhf8 30. f4 Rxc4 31. Rxc4 Nxc4 32. Bf2 Nd2 33. fxe5 dxe5 34. Qc3 Ne4 35. Qxe5+ Nf6 36. Nxf5+ Kh8 37. gxf6 1-0


[Site "https://www.chess.com"]

[Event "Titled Tuesday Blitz May 16 Early 2023"]
[White "Kvaloy, Aksel Bu"]
[Black "Khamdamova, Afruza"]
[WhiteFideId "1528815"]
[BlackFideId "14210444"]
[WhiteElo "2242"]
[BlackElo "2312"]
[Result "1-0"]
[Round "11"]
[TimeControl "180+2"]
[Date "2023.05.16"]
[WhiteClock "0:00:11"]
[BlackClock "0:00:04"]

1. e4 e5 2. Nf3 Nf6 3. Nc3 Nc6 4. d4 exd4 5. Nxd4 Bb4 6. Nxc6 bxc6 7. Bd3 d5 8. Bd2 O-O 9. O-O Bxc3 10. Bxc3 Nxe4 11. Bxe4 dxe4 12. Qe2 Qe7 13. Rad1 Bf5 14. Qe3 Qe6 15. b3 Bg6 16. Rfe1 f5 17. Qf4 Rf7 18. h3 h6 19. Rd2 Re8 20. Bb2 Kh7 21. c4 Rd7 22. Red1 Red8 23. Kf1 Rxd2 24. Rxd2 Rxd2 25. Qxd2 Qd6 26. Qd4 Qxd4 27. Bxd4 a6 28. Be5 Kg8 29. Bxc7 Bh5 30. Ke1 Kf7 31. Kd2 Ke6 32. Ke3 c5 33. Bb6 Kd6 34. Kf4 Bg6 35. h4 Bh7 36. Ba7 g6 37. Bb8+ Ke6 38. Bc7 Bg8 39. Bb6 Kd6 40. Bd8 Ke6 41. Bb6 Kd6 42. h5 Bf7 43. hxg6 Bxg6 44. g3 Bh7 45. Bd8 Ke6 46. Bc7 Bg6 47. Bb6 Kd6 48. Ba7 a5 49. Bb8+ Ke6 50. Bc7 a4 51. bxa4 Be8 52. a5 Bc6 53. a6 e3 54. Kxe3 Be4 55. f3 Bc6 56. a7 Kd7 57. Be5 Kc8 58. Bd6 Kb7 59. Bxc5 Bd7 60. Bd4 Bc6 61. Kf4 Ka8 62. a4 h5 63. a5 Kb7 64. c5 Bd5 65. Ke5 Bc6 66. Kd6 Bxf3 67. c6+ Ka8 68. c7 Bb7 69. Kd7 f4 70. gxf4 h4 71. c8=Q+ Bxc8+ 72. Kxc8 h3 73. Bg1 h2 74. Bxh2 Kxa7 75. f5 1-0


[Site "https://www.chess.com"]

[Event "Titled Tuesday Blitz May 16 Early 2023"]
[White "Tanmay Jain"]
[Black "Krysa, Leandro"]
[WhiteFideId "45015481"]
[BlackFideId "116807"]
[WhiteElo "2032"]
[BlackElo "2489"]
[Result "1/2-1/2"]
[Round "11"]
[TimeControl "180+2"]
[Date "2023.05.16"]
[WhiteClock "0:00:14"]
[BlackClock "0:00:11"]

1. e4 c5 2. Nf3 d6 3. d4 cxd4 4. Nxd4 Nf6 5. Nc3 Nc6 6. g3 g6 7. Bg2 Nxd4 8. Qxd4 Bg7 9. O-O O-O 10. Qd1 Bg4 11. Qe1 Qd7 12. Be3 Bh3 13. f3 Bxg2 14. Kxg2 Qc6 15. Qd2 Nd7 16. Bd4 Ne5 17. Nd5 Rfe8 18. c3 e6 19. Nb4 Qc7 20. Nd3 Nc4 21. Qf2 Bxd4 22. cxd4 Qb6 23. Rac1 Rac8 24. b3 Na3 25. Nb2 Nb5 26. Nc4 Qd8 27. Rfd1 d5 28. exd5 exd5 29. Ne5 Rxc1 30. Rxc1 f6 31. Nd3 Qe7 32. Re1 Qf7 33. Rxe8+ Qxe8 34. Nf4 Nc7 35. Qd2 b6 36. Kf2 Kf7 37. Qd3 Qd7 38. Kg2 Ne6 39. Qe3 Nxf4+ 40. Qxf4 g5 41. Qd2 h5 42. Qd3 Kg7 43. Qe3 a5 44. Qd3 Qe6 45. Qd2 g4 46. Qd3 Kh6 47. fxg4 hxg4 48. Qd2+ Kg6 49. Kf2 Qe4 50. Qf4 Qxf4+ 51. gxf4 b5 52. a3 b4 53. a4 Kh5 54. Kg3 f5 55. h3 gxh3 56. Kxh3 Kg6 57. Kg3 Kh6 58. Kh3 Kg6 59. Kg3 Kh6 60. Kh3 Kh5 61. Kg3 Kg6 62. Kh3 Kh6 63. Kg3 Kh5 64. Kh3 Kg6 1/2-1/2


[Site "https://www.chess.com"]

[Event "Titled Tuesday Blitz May 16 Early 2023"]
[White "Sebag, Marie"]
[Black "Lehtosaari, Mauri"]
[WhiteFideId "617822"]
[BlackFideId "501999"]
[WhiteElo "2431"]
[BlackElo "2495"]
[Result "1-0"]
[Round "11"]
[TimeControl "180+2"]
[Date "2023.05.16"]
[WhiteClock "0:00:35"]
[BlackClock "0:00:00"]

1. c4 c6 2. Nf3 d5 3. g3 Nf6 4. Bg2 e6 5. b3 Nbd7 6. Bb2 Be7 7. O-O O-O 8. d3 a5 9. a3 Qb6 10. Nbd2 Re8 11. Qc2 Nf8 12. e4 Ng6 13. Rfe1 dxe4 14. dxe4 Bc5 15. Bxf6 Bxf2+ 16. Kh1 gxf6 17. Rf1 Be3 18. Rae1 Bc5 19. e5 f5 20. Qd1 Rd8 21. Qe2 Bxa3 22. g4 f4 23. Ne4 Be7 24. Nf6+ Kg7 25. h4 Bd7 26. h5 Nf8 27. Qd2 Bb4 28. Qxf4 Bxe1 29. h6+ Kh8 30. Ne8 f6 31. Qxf6+ 1-0


[Site "https://www.chess.com"]

[Event "Titled Tuesday Blitz May 16 Early 2023"]
[White "Przybylski, Wojciech"]
[Black "Gheorghiu, Calin"]
[WhiteFideId "1117599"]
[BlackFideId "1200305"]
[WhiteElo "2222"]
[BlackElo "2223"]
[Result "0-1"]
[Round "11"]
[TimeControl "180+2"]
[Date "2023.05.16"]
[WhiteClock "0:00:00"]
[BlackClock "0:00:18"]

1. e4 c5 2. Nf3 d6 3. Bb5+ Nd7 4. c4 Nf6 5. Nc3 a6 6. Ba4 g6 7. O-O Bg7 8. d3 O-O 9. Re1 Rb8 10. Bc2 b5 11. Bg5 h6 12. Be3 Ng4 13. Bc1 bxc4 14. dxc4 Bxc3 15. bxc3 Kg7 16. Qd2 Rh8 17. Bb3 a5 18. h3 Nge5 19. Nxe5 Nxe5 20. f4 Nd7 21. Qc2 Nb6 22. a4 Be6 23. Qe2 Qc8 24. g4 Qa6 25. e5 Bxc4 26. Bxc4 Qxc4 27. exd6 exd6 28. Bd2 Qxe2 29. Rxe2 Nc4 30. Be1 Rhe8 31. Kf1 Rxe2 32. Kxe2 Rb2+ 33. Kf3 Kf6 34. Bh4+ g5 35. fxg5+ hxg5 36. Be1 Ne5+ 37. Ke4 Ke6 38. Ke3 d5 39. Rd1 Rh2 40. Bg3 Rxh3 41. Kf2 Nxg4+ 42. Kf3 Ne3 43. Re1 d4 44. cxd4 cxd4 45. Kf2 f5 46. Bc7 f4 47. Bxa5 g4 48. Bb6 Kd5 49. a5 Rh2+ 50. Kg1 Ra2 51. Rb1 f3 52. a6 f2+ 53. Kh1 f1=Q+ 54. Rxf1 Nxf1 55. Bxd4 Kxd4 56. a7 Ng3+ 57. Kg1 Rxa7 58. Kg2 Nf5 0-1


[Site "https://www.chess.com"]

[Event "Titled Tuesday Blitz May 16 Early 2023"]
[White "Nikologorskiy, Konstantin"]
[Black "Ljukin, Sergei"]
[WhiteFideId "24111708"]
[BlackFideId "14102200"]
[WhiteElo "2273"]
[BlackElo "2312"]
[Result "1-0"]
[Round "11"]
[TimeControl "180+2"]
[Date "2023.05.16"]
[WhiteClock "0:01:21"]
[BlackClock "0:00:00"]

1. d4 d5 2. c4 c6 3. Nf3 Nf6 4. Nc3 dxc4 5. a4 Bf5 6. e3 e6 7. Bxc4 Bb4 8. O-O Nbd7 9. Qe2 O-O 10. e4 Bg4 11. Bg5 Qa5 12. e5 Nd5 13. Ne4 c5 14. h3 Bxf3 15. Qxf3 cxd4 16. Qg3 Kh8 17. Rad1 N5b6 18. Bb5 a6 19. Bxd7 Nxd7 20. Rxd4 Nxe5 21. Rxb4 Qxb4 22. Qxe5 Qxa4 23. Bf6 Rg8 24. Be7 Rae8 25. Ba3 1-0


[Site "https://www.chess.com"]

[Event "Titled Tuesday Blitz May 16 Early 2023"]
[White "koncheto"]
[Black "Rios Escobar, Adan"]
[BlackFideId "3403645"]
[WhiteElo "2569"]
[BlackElo "2468"]
[Result "1/2-1/2"]
[Round "11"]
[TimeControl "180+2"]
[Date "2023.05.16"]
[WhiteClock "0:00:04"]
[BlackClock "0:00:03"]

1. e4 c5 2. Nf3 d6 3. d4 cxd4 4. Nxd4 Nf6 5. f3 e5 6. Nb3 a5 7. a4 d5 8. Bg5 d4 9. c3 Nc6 10. Bb5 Be6 11. cxd4 Bb4+ 12. Nc3 Bxb3 13. Qxb3 exd4 14. O-O-O O-O 15. Bxf6 Qxf6 16. Nd5 Qh6+ 17. Kb1 Rfd8 18. Rd3 Rd6 19. Bxc6 bxc6 20. Nxb4 Rb8 21. e5 Rxb4 22. exd6 Rxb3 23. Rxb3 Qxd6 24. Rc1 g6 25. h3 d3 26. Rd1 d2 27. Rc3 Qd4 28. Rxc6 Qxa4 29. Rc2 Qb4 30. Rcxd2 a4 31. Rd4 Qb3 32. R1d3 Qb5 33. Ka2 h5 34. g4 h4 35. f4 Qa6 36. Ra3 Qe6+ 37. Ka1 Qe1+ 38. Ka2 Qe6+ 39. Ka1 Qe1+ 40. Ka2 Qe6+ 1/2-1/2


[Site "https://www.chess.com"]

[Event "Titled Tuesday Blitz May 16 Early 2023"]
[White "Panda Sambit"]
[Black "Jaskolka, Tomasz"]
[WhiteFideId "25091794"]
[BlackFideId "1170791"]
[WhiteElo "2272"]
[BlackElo "2155"]
[Result "1-0"]
[Round "11"]
[TimeControl "180+2"]
[Date "2023.05.16"]
[WhiteClock "0:00:12"]
[BlackClock "0:00:15"]

1. Nf3 d5 2. d4 Nc6 3. Bf4 f6 4. c4 g5 5. cxd5 Qxd5 6. Nc3 Qa5 7. Bd2 g4 8. d5 gxf3 9. dxc6 bxc6 10. exf3 Ba6 11. b4 Qe5+ 12. Be2 Rd8 13. O-O Bh6 14. Bxa6 Rxd2 15. Qb3 Bf4 16. g3 Nh6 17. Rae1 Qh5 18. Ne4 Rd5 19. Nxf6+ Kd8 20. Nxh5 Rxh5 21. Qd3+ Bd6 22. f4 Rg8 23. Bb7 Ng4 24. h4 Nf6 25. Kh2 Ng4+ 26. Kh3 Kd7 27. Qf3 Nf6 28. Bxc6+ Kd8 29. Qe2 Rg6 30. g4 Rhh6 31. g5 Nh5 32. Qxh5 Rxh5 33. Bf3 Rgxg5 34. fxg5 Rh6 35. gxh6 e5 36. Kg4 Ke7 37. Be4 Kf6 38. h5 Bxb4 39. f3 Bd2 40. Re2 Bxh6 41. Rd1 Bf4 42. Rd7 h6 43. Rh7 a5 44. Rxc7 a4 45. Rec2 Ke6 46. R2c6# 1-0


[Site "https://www.chess.com"]

[Event "Titled Tuesday Blitz May 16 Early 2023"]
[White "Gontcharov, Vladislav"]
[Black "Zavortink, Matt"]
[WhiteFideId "4123492"]
[BlackFideId "2034263"]
[WhiteElo "2420"]
[BlackElo "2461"]
[Result "0-1"]
[Round "11"]
[TimeControl "180+2"]
[Date "2023.05.16"]
[WhiteClock "0:00:00"]
[BlackClock "0:00:07"]

1. d4 d5 2. c4 c6 3. Nf3 Nf6 4. Nc3 e6 5. e3 a6 6. c5 Nbd7 7. b4 b6 8. Rb1 a5 9. b5 Bb7 10. cxb6 c5 11. Be2 Bd6 12. Ba3 O-O 13. Na4 Ne4 14. O-O c4 15. Bxd6 Nxd6 16. Nc5 Nxb6 17. Ne5 Qc7 18. f4 Rfe8 19. Bg4 Bc8 20. Be2 f6 21. Nf3 Bd7 22. a4 Nb7 23. Na6 Qd6 24. Qc2 Nxa4 25. Nd2 Nb6 26. e4 f5 27. exf5 exf5 28. Nf3 Re4 29. Ne5 Rxd4 30. Kh1 Nc5 31. Nxc5 Qxc5 32. Bf3 Rf8 33. Qf2 c3 34. Rbc1 Bxb5 35. Rfe1 Qb4 36. h4 Rxf4 37. Qxb6 Rxh4+ 38. Kg1 Qf4 39. Bxd5+ Kh8 40. Nf7+ Kg8 41. Qe6 Qh2+ 42. Kf2 Rf4+ 43. Ke3 Qg3+ 44. Bf3 Re4+ 45. Qxe4 fxe4 0-1


[Site "https://www.chess.com"]

[Event "Titled Tuesday Blitz May 16 Early 2023"]
[White "Filgueira, Hernan"]
[Black "Turzo, Attila"]
[WhiteFideId "101770"]
[BlackFideId "704954"]
[WhiteElo "2363"]
[BlackElo "2460"]
[Result "1/2-1/2"]
[Round "11"]
[TimeControl "180+2"]
[Date "2023.05.16"]
[WhiteClock "0:00:39"]
[BlackClock "0:00:58"]

1. c4 c6 2. e3 d5 3. Nf3 Nf6 4. Nc3 Bf5 5. b3 e6 6. Bb2 h6 7. Be2 Nbd7 8. h3 Bd6 9. O-O O-O 10. d3 Qe7 11. a3 a5 12. Re1 e5 13. cxd5 Nxd5 14. Ne4 Bc7 15. Ng3 Be6 16. Bf1 Rfd8 17. Qc2 c5 18. Nd2 Rac8 19. Rad1 f6 20. Be2 b5 21. Bg4 Bb6 22. Nf3 g6 23. Bxe6+ Qxe6 24. h4 Nf8 25. h5 g5 26. e4 Ne7 27. Nh2 Kg7 28. a4 b4 29. Nhf1 Qf7 30. Ne3 Ne6 31. Nc4 Bc7 32. Qe2 Nf4 33. Qf3 Qe6 34. Rd2 Rd7 35. Red1 Rcd8 36. Kf1 Kh7 37. Bc1 Nc6 38. Bb2 Ne7 39. Ne2 Rg8 40. g4 Nxe2 41. Kxe2 Rgd8 42. Rg1 Nc6 43. Rg3 Rd4 44. Qf5+ Qxf5 45. gxf5 R4d7 46. Rg1 Kg7 47. Rdd1 Kf7 48. Ne3 Ne7 49. Ng4 Ng8 50. Ne3 Ne7 51. Nc4 Nc6 52. Ne3 Ne7 1/2-1/2


[Site "https://www.chess.com"]

[Event "Titled Tuesday Blitz May 16 Early 2023"]
[White "merinasian"]
[Black "Bruedigam, Martin"]
[BlackFideId "24608033"]
[WhiteElo "2456"]
[BlackElo "2331"]
[Result "0-1"]
[Round "11"]
[TimeControl "180+2"]
[Date "2023.05.16"]
[WhiteClock "0:00:47"]
[BlackClock "0:00:13"]

1. d4 d5 2. Nf3 Nf6 3. g3 a6 4. Bg2 b5 5. O-O Bb7 6. a4 Nbd7 7. axb5 axb5 8. Rxa8 Qxa8 9. Nc3 b4 10. Nb5 Qa5 11. c4 c6 12. Bf4 cxb5 13. cxb5 e6 14. Qc2 Be7 15. Rc1 Qxb5 16. Qc7 O-O 17. Bf1 Rc8 18. Qxc8+ Bxc8 19. Rxc8+ Nf8 20. e3 Qb6 21. Ne5 h6 22. g4 Qb7 23. Nc6 Ne8 24. Bb5 Qxb5 25. Nxe7+ Kh7 26. Nc6 Ng6 27. Bg3 Nf6 28. h3 Ne4 29. Kg2 Nxg3 30. Kxg3 Qb7 31. Rb8 Qxc6 32. Rxb4 Qd6+ 0-1


[Site "https://www.chess.com"]

[Event "Titled Tuesday Blitz May 16 Early 2023"]
[White "Rottenwohrer Suarez, Juan"]
[Black "Bagwe Gaurang"]
[WhiteFideId "32068182"]
[BlackFideId "45039895"]
[WhiteElo "2174"]
[BlackElo "1847"]
[Result "1-0"]
[Round "11"]
[TimeControl "180+2"]
[Date "2023.05.16"]
[WhiteClock "0:00:15"]
[BlackClock "0:00:31"]

1. Nf3 d5 2. g3 c6 3. Bg2 h5 4. h4 g6 5. c4 dxc4 6. O-O Bg7 7. a4 Nh6 8. Na3 Be6 9. Qc2 O-O 10. Nxc4 Na6 11. d3 Nf5 12. Bd2 Rc8 13. Rab1 b5 14. Nce5 b4 15. Nc4 Nc5 16. Bxb4 Nb7 17. Ba3 c5 18. Rbd1 Nbd6 19. b3 Nxc4 20. bxc4 Qc7 21. Bb2 Nd4 22. Bxd4 cxd4 23. Rb1 f5 24. Ng5 Bd7 25. Rb7 Qd6 26. Rxa7 e6 27. a5 f4 28. Ne4 Qe7 29. Qa4 Rcd8 30. a6 fxg3 31. fxg3 Rxf1+ 32. Bxf1 g5 33. hxg5 h4 34. gxh4 Qf7 35. Qa5 Rf8 36. Bg2 Be5 37. Qxe5 Rd8 38. Nf6+ Kf8 39. Qd6+ Kg7 40. Rxd7 Rxd7 41. Qxd7 e5 42. Qxf7+ Kxf7 43. a7 e4 44. a8=Q e3 45. Qd5+ Kg6 46. Be4+ Kg7 47. Qd7+ Kh8 48. Qh7# 1-0


[Site "https://www.chess.com"]

[Event "Titled Tuesday Blitz May 16 Early 2023"]
[White "Santarius, Erik"]
[Black "Nastase, Robert-Paul"]
[WhiteFideId "2025817"]
[BlackFideId "1221175"]
[WhiteElo "2300"]
[BlackElo "2175"]
[Result "1-0"]
[Round "11"]
[TimeControl "180+2"]
[Date "2023.05.16"]
[WhiteClock "0:00:11"]
[BlackClock "0:00:00"]

1. e4 c5 2. b3 d5 3. exd5 Qxd5 4. Bb2 Nf6 5. Nf3 Nc6 6. Be2 Bf5 7. O-O e6 8. c4 Qd7 9. d4 cxd4 10. Nxd4 Nxd4 11. Qxd4 Qxd4 12. Bxd4 Be7 13. Nc3 O-O 14. Bf3 Rfd8 15. Be3 Bb4 16. Rac1 Bxc3 17. Rxc3 Be4 18. Be2 a6 19. f3 Bc6 20. Kf2 Rd7 21. Rd1 Rxd1 22. Bxd1 Rd8 23. Be2 Nd7 24. b4 Ne5 25. h3 f6 26. a3 Kf7 27. Bf4 Ng6 28. Be3 Ne5 29. f4 Ng6 30. b5 axb5 31. cxb5 Bd5 32. a4 Ra8 33. Bd1 Ne7 34. Rc7 Ke8 35. Bc5 Nc8 36. Rxg7 b6 37. Bb4 h6 38. g3 Ra7 39. Rxa7 Nxa7 40. Ke3 Kd7 41. Bf8 h5 42. Kd4 Nc8 43. Kc3 h4 44. gxh4 Ke8 45. Bb4 Kf7 46. Kd4 Kg6 47. Bg4 f5 48. h5+ Kh6 49. Be2 Kh7 50. h4 Kh6 51. Ke5 Kh7 52. Kf6 Bb3 53. a5 bxa5 54. Bxa5 Nd6 55. b6 Bd5 56. Bb4 Nc8 57. Bc5 Kh6 58. Ke5 1-0


[Site "https://www.chess.com"]

[Event "Titled Tuesday Blitz May 16 Early 2023"]
[White "Manon-og, Ramon Jr."]
[Black "Santos Flores, Alberto"]
[WhiteFideId "5200776"]
[BlackFideId "3601234"]
[WhiteElo "2342"]
[BlackElo "2235"]
[Result "1-0"]
[Round "11"]
[TimeControl "180+2"]
[Date "2023.05.16"]
[WhiteClock "0:02:14"]
[BlackClock "0:01:44"]

1. e4 c5 2. Nf3 Nc6 3. Bb5 g6 4. O-O Bg7 5. c3 Nf6 6. Qe2 O-O 7. d3 d5 8. e5 Ne8 9. Bg5 Bg4 10. Nbd2 Nc7 11. Bxc6 bxc6 12. h3 Bxf3 13. Nxf3 Ne6 14. Bd2 a5 15. a4 Rb8 16. Rab1 Rb3 17. Ng5 Nxg5 18. Bxg5 Qd7 19. f4 Rfb8 20. f5 gxf5 21. Bf4 e6 22. Qf2 Kh8 23. Qxc5 Rxb2 24. Rxb2 Rxb2 25. Qxa5 Rb7 26. Qa8+ 1-0


[Site "https://www.chess.com"]

[Event "Titled Tuesday Blitz May 16 Early 2023"]
[White "Goldin, Roman"]
[Black "Horak, Martin"]
[WhiteFideId "2803860"]
[BlackFideId "367095"]
[WhiteElo "2312"]
[BlackElo "2091"]
[Result "1-0"]
[Round "11"]
[TimeControl "180+2"]
[Date "2023.05.16"]
[WhiteClock "0:00:05"]
[BlackClock "0:00:25"]

1. Nf3 d5 2. e3 Nf6 3. b4 Bf5 4. Bb2 e6 5. a3 h6 6. c4 c6 7. Be2 Be7 8. O-O O-O 9. d3 a5 10. cxd5 cxd5 11. b5 Nbd7 12. Nc3 Nc5 13. Na4 Nfd7 14. Bd4 Nxa4 15. Qxa4 Nc5 16. Bxc5 Bxc5 17. d4 Bd6 18. Rac1 Qe7 19. Rc3 Bb4 20. Rcc1 Bxa3 21. Ra1 Bb4 22. b6 Rac8 23. Rfc1 f6 24. Bb5 Qd6 25. Nh4 Bh7 26. Bd7 Rxc1+ 27. Rxc1 Qxb6 28. Be8 Qd8 29. Bg6 Bxg6 30. Nxg6 Qe8 31. Qc2 Rf7 32. h4 h5 33. Qe2 f5 34. Qxh5 Rf6 35. Rc8 Qxc8 36. Qh8+ Kf7 37. Ne5+ Ke7 38. Qxc8 Bd6 39. Qd7+ Kf8 40. Qd8# 1-0


[Site "https://www.chess.com"]